Map: [ESL] Oceanborn

Players

LiquidClem (Clem) - Winner!

  • Race: Terran Terran
  • League: Grandmaster
  • Spawn Location: 5:00

Spirit (souL)

  • Race: Terran Terran
  • League: Master
  • Spawn Location: 11:00

VOD

Have the link to the VOD?

Description

Time

  • Played on: Nov. 25, 2023, 12:43 p.m.
  • Length: 12:15
Show
View Real Time Build Order
Export as new Build Order

LiquidClem Terran - Winner!

Build Orders: Gas First Reaper Expand 

Get SALT Encoding   

  12  0:00  SCV  
  13  0:12  SCV  
  14  0:17  Supply Depot  
  14  0:24  SCV  
  15  0:30  Refinery  
  15  0:38  SCV  
  16  0:43  Barracks  
  16  0:50  SCV  
  17  1:02  SCV  
  18  1:15  SCV  
  19  1:30  Orbital Command, Reaper  
  20  1:43  Command Center  
  20  1:54  Factory  
  20  1:57  SCV  
  21  2:06  Barracks Reactor  
  21  2:08  Supply Depot  
  21  2:11  SCV  
  22  2:16  Refinery  
  22  2:23  SCV  
  23  2:35  SCV  
  24  2:42  Starport  
  24  2:45  Hellion  
  24  2:46  Hellion  
  24  2:47  SCV  
  29  2:56  Orbital Command  
  29  2:59  SCV  
  29  3:11  SCV, Cyclone  
  30  3:16  Orbital Command, Cyclone  
  32  3:23  SCV  
  32  3:24  Medivac  
  35  3:35  SCV  
  35  3:36  Refinery  
  36  3:42  SCV  
  36  3:45  Cyclone  
  36  3:46  Barracks Tech Lab  
  39  3:48  Cyclone  
  39  3:49  SCV  
  39  3:52  Supply Depot  
  39  3:54  SCV  
  43  4:02  SCV  
  44  4:05  Supply Depot  
  44  4:06  SCV  
  45  4:14  Raven  
  45  4:15  SCV  
  48  4:18  SCV, Cyclone  
  51  4:25  Cyclone  
  51  4:28  Supply Depot, SCV  
  51  4:30  SCV  
  53  4:40  SCV  
  53  4:42  SCV  
  53  4:52  SCV  
  50  4:55  Raven, SCV  
  50  4:56  Cyclone  
  50  4:57  Cyclone  
  57  5:04  SCV  
  58  5:07  SCV  
  58  5:08  Supply Depot  
  58  5:10  Command Center  
  58  5:11  Marine  
  58  5:16  SCV  
  58  5:19  SCV  
  59  5:28  SCV  
  59  5:29  Refinery  
  59  5:31  SCV, Barracks  
  59  5:32  Barracks  
  59  5:35  Barracks Tech Lab  
  58  5:40  SCV  
  56  5:43  SCV, Cyclone x2  
  57  5:51  Raven  
  57  5:52  SCV  
  57  5:55  SCV  
  60  6:04  SCV, Marine, Stimpack  
  60  6:07  SCV  
  60  6:09  Engineering Bay  
  60  6:10  Engineering Bay  
  63  6:16  SCV  
  64  6:20  SCV  
  64  6:22  Marine  
  64  6:23  Barracks Reactor  
  64  6:25  Orbital Command  
  66  6:29  SCV  
  66  6:32  SCV  
  68  6:34  Starport Reactor, Marine x2  
  68  6:36  Terran Infantry Weapons Level 1, Terran Infantry Armor Level 1  
  70  6:40  Marine  
  70  6:41  SCV, Siege Tank  
  70  6:43  Supply Depot  
  70  6:44  SCV  
  76  6:49  Barracks x2  
  76  6:52  SCV, Marine  
  76  6:53  SCV  
  79  6:56  Supply Depot, Marine  
  79  6:58  SCV, Marine  
  79  6:59  Marine x2  
  84  7:04  SCV  
  84  7:05  SCV  
  86  7:11  Medivac x2  
  86  7:12  Supply Depot, Marine  
  86  7:14  Marine  
  91  7:16  Siege Tank  
  91  7:17  SCV x2  
  91  7:18  SCV  
  95  7:27  Marine x2  
  95  7:29  Supply Depot, SCV x2, Marine x2  
  100  7:30  SCV  
  100  7:37  Barracks Reactor x2  
  100  7:38  Supply Depot  
  100  7:41  SCV x2  
  100  7:42  SCV  
  103  7:46  Armory  
  103  7:48  Missile Turret  
  103  7:49  Supply Depot  
  103  7:51  Missile Turret  
  103  7:52  Siege Tank  
  103  7:53  SCV x2, Marine  
  103  7:54  Marine x2  
  103  7:55  SCV  
  103  7:56  Marine  
  113  8:02  Refinery x2  
  113  8:04  Supply Depot, Marine  
  114  8:06  SCV  
  114  8:07  SCV  
  114  8:11  Marine  
  117  8:14  Marine x6  
  117  8:15  Supply Depot  
  117  8:17  SCV  
  117  8:18  SCV  
  117  8:19  SCV  
  124  8:24  Marine  
  125  8:27  Marine  
  125  8:29  SCV  
  125  8:30  SCV  
  125  8:31  Siege Tank  
  125  8:32  SCV, Medivac  
  134  8:35  Terran Infantry Weapons Level 2  
  125  8:45  Marine x6  
  125  8:46  Marine  
  119  8:54  Marine x2  
  118  8:57  Command Center  
  118  9:00  Medivac  
  120  9:02  Marine  
  120  9:03  Siege Tank, Marine x2  
  120  9:05  SCV  
  120  9:08  Terran Infantry Armor Level 2  
  126  9:12  SCV  
  126  9:13  SCV, Missile Turret  
  126  9:16  Marine  
  127  9:18  Combat Shield  
  127  9:19  Marine x3  
  129  9:26  Viking  
  129  9:27  Marine  
  129  9:29  Marine  
  128  9:32  Marine  
  128  9:33  Marine  
  128  9:36  Marine x2  
  128  9:37  Marine  
  122  9:39  SCV x2  
  122  9:40  SCV  
  122  9:45  Marine  
  123  9:47  Marine  
  123  9:51  SCV x2  
  123  9:52  SCV  
  124  9:54  Siege Tank, Marine  
  124  9:55  Marine  
  124  9:56  Marine  
  124  9:58  Marine  
  131  10:01  Terran Vehicle Weapons Level 1  
  131  10:02  Factory  
  131  10:03  SCV x2  
  131  10:04  SCV  
  131  10:06  Marine, Viking x2  
  139  10:14  Marine  
  139  10:15  Marine  
  139  10:16  Sensor Tower  
  139  10:19  Marine x5  
  146  10:24  Supply Depot  
  146  10:25  SCV x3  
  152  10:28  Siege Tank, Marine  
  152  10:34  Sensor Tower  
  153  10:37  SCV x3, Marine x4  
  153  10:41  Planetary Fortress  
  160  10:45  Barracks Reactor  
  160  10:49  SCV  
  161  10:51  Viking x2  
  161  10:55  Marine x6  
  171  11:04  Marine x2  
  171  11:09  Siege Tank x2  
  179  11:11  Refinery x2  
  179  11:13  Marine  
  179  11:14  Supply Depot x2  
  180  11:20  Supply Depot  
  180  11:26  Marine  
  180  11:27  Marine  
  180  11:35  Marine x8  
  180  11:39  Command Center  
  186  11:40  Medivac  
  186  11:41  Siege Tank  
  194  11:53  Marine x3  
  194  11:54  Marine  
Show
View Real Time Build Order
Export as new Build Order

Spirit Terran 

Build Orders: Cyclone Opening 

Get SALT Encoding   

  12  0:00  SCV  
  13  0:12  SCV  
  14  0:17  Supply Depot  
  14  0:24  SCV  
  15  0:38  SCV  
  15  0:40  Barracks  
  16  0:44  Refinery  
  16  0:50  SCV  
  16  0:54  Refinery  
  17  1:03  SCV  
  18  1:15  SCV  
  19  1:27  Orbital Command, Reaper  
  19  1:32  Supply Depot  
  20  1:42  Factory  
  20  1:52  SCV  
  21  1:59  Reaper  
  22  2:04  SCV  
  23  2:16  SCV  
  23  2:21  Command Center  
  24  2:28  Cyclone  
  26  2:30  SCV  
  26  2:33  Barracks Reactor  
  27  2:40  Supply Depot  
  27  2:42  SCV  
  28  2:54  SCV  
  28  2:55  Starport  
  29  3:06  SCV  
  29  3:18  SCV  
  29  3:23  Cyclone x2  
  33  3:28  Refinery  
  33  3:31  SCV, Starport Tech Lab  
  33  3:33  Orbital Command  
  34  3:43  SCV  
  35  3:51  Raven  
  35  3:55  SCV  
  38  3:57  Cyclone  
  38  3:59  SCV  
  38  4:01  Cyclone  
  43  4:06  Supply Depot  
  43  4:07  SCV  
  43  4:09  Interference Matrix  
  44  4:11  SCV  
  45  4:19  SCV  
  45  4:23  SCV  
  47  4:24  Command Center  
  47  4:26  Raven  
  49  4:32  SCV, Cyclone  
  49  4:36  SCV  
  53  4:39  Cyclone  
  53  4:44  SCV  
  54  4:48  SCV  
  49  4:56  SCV  
  49  4:59  Supply Depot  
  48  5:00  SCV  
  48  5:01  Supply Depot  
  48  5:04  Cyclone  
  49  5:09  SCV  
  49  5:12  SCV, Cyclone  
  53  5:21  SCV  
  52  5:25  SCV  
  47  5:33  SCV  
  45  5:36  Cyclone  
  45  5:37  SCV  
  45  5:39  Raven  
  50  5:44  Cyclone  
  50  5:49  SCV  
  48  5:54  SCV  
  48  5:56  Barracks Tech Lab  
  49  6:01  SCV  
  50  6:05  Barracks  
  50  6:06  SCV  
  50  6:08  Barracks  
  50  6:09  Refinery  
  51  6:13  SCV  
  51  6:18  SCV  
  53  6:22  Starport Reactor, Engineering Bay  
  53  6:23  Siege Tank, Engineering Bay  
  53  6:25  SCV  
  57  6:26  Marine x2  
  57  6:30  SCV  
  60  6:37  SCV  
  61  6:42  SCV  
  61  6:43  Marine  
  61  6:44  Marine  
  64  6:49  SCV, Barracks  
  64  6:50  Barracks  
  65  6:54  SCV, Barracks Reactor  
  65  6:55  Siege Tank  
  65  7:00  Viking x2  
  73  7:01  SCV, Marine  
  73  7:02  Stimpack  
  73  7:04  Terran Infantry Weapons Level 1  
  75  7:08  Orbital Command  
  75  7:12  SCV, Terran Infantry Armor Level 1  
  76  7:20  SCV  
  77  7:24  SCV  
  77  7:26  Marine x3  
  81  7:30  Viking  
  81  7:32  SCV  
  81  7:34  Marine  
  85  7:39  Barracks Reactor x2  
  85  7:52  Sensor Tower  
  85  7:53  Supply Depot  
  85  7:54  Supply Depot  
  85  7:55  Supply Depot  
  85  8:14  SCV, Marine, Liberator x2  
  85  8:15  SCV, Marine x4, Siege Tank  
  85  8:16  Supply Depot, SCV  
  85  8:17  Marine  
  85  8:18  Supply Depot, Marine x3  
  106  8:26  SCV  
  107  8:27  SCV  
  107  8:28  SCV  
  107  8:33  Refinery x2  
  109  8:37  Marine x7  
  109  8:38  SCV  
  109  8:40  SCV  
  118  8:45  Orbital Command, Marine  
  118  8:47  Siege Tank  
  116  8:48  Marine  
  116  8:55  Marine x7  
  124  8:56  SCV  
  125  9:11  Armory  
  125  9:20  Refinery  
  125  9:23  Combat Shield  
  125  9:31  Marine x5  
  125  9:32  SCV, Marine  
  125  9:33  SCV x2, Marine  
  125  9:34  Marine x2  
  125  9:35  Siege Tank, Medivac  
  125  9:47  SCV  
  125  9:48  Marine  
  125  9:52  Command Center  
  125  9:53  Supply Depot  
  125  9:55  Sensor Tower  
  125  10:15  SCV, Marine x7  
  125  10:17  Terran Vehicle Weapons Level 1  
  125  10:21  Missile Turret  
  133  10:24  Siege Tank, Marine x2, Medivac  
  133  10:28  Missile Turret  
  141  10:31  Supply Depot  
  141  10:32  Supply Depot  
  141  10:33  Supply Depot, Marine x3  
  147  10:37  Medivac  
  149  10:48  Marine  
  149  10:49  SCV  
  149  10:50  SCV x2, Factory  
  149  10:52  Marine  
  149  10:54  Starport  
  149  10:56  Starport, Barracks Reactor  
  149  10:57  Siege Tank, Viking, Barracks Reactor  
  153  11:01  SCV, Marine  
  153  11:02  SCV x2  
  159  11:07  Marine x3  
  159  11:10  Marine  
  163  11:13  SCV  
  164  11:19  Marine, Bunker  
  164  11:25  Marine x3  
  166  11:26  SCV  
  166  11:28  Marine  
  166  11:29  Siege Tank  
  173  11:33  SCV, Marine  
  173  11:34  SCV, Marine x2  
  173  11:36  Marine  
  173  11:37  Marine  
  180  11:43  Marine x3  
  180  11:44  Viking x2  
  183  11:51  Marine  
  179  11:55  Marine x2  
Tags
 
Add a new tag
Caveats
  • Supply blocks, unpowered buildings, or Contaminate may cause inaccurate times.
  • Supply counts are checked every 10 seconds.